 Dungeon Crawl Stone Soup version 0.22-a0-782-g038298e (webtiles) character file.

13 Amnesiac the Digger (level 2, 0/19 HPs)
             Began as a Mummy Earth Elementalist on July 19, 2018.
             Slain by an orc
             ... wielding a +0 club
              (1 damage)
             ... on level 3 of the Dungeon.
             The game lasted 00:02:23 (489 turns).

Amnesiac the Digger (Mummy Earth Elementalist)       Turns: 489, Time: 00:02:23

Health: 0/19       AC:  2    Str: 11    XL:     2   Next: 24%
Magic:  1/5        EV: 12    Int: 14    God:
Gold:   49         SH:  0    Dex: 12    Spells: 3/6 levels left

rFire    x . .     SeeInvis .   d - +1 dagger
rCold    + . .     Gourm    .   (no shield)
rNeg     + + +     Faith    .   c - +0 robe
rPois    ∞         Spirit   .   (no helmet)
rElec    .         Reflect  .   (no cloak)
rCorr    .         Harm     .   (no gloves)
MR       .....                  (no boots)
Stlth    ++........             (no amulet)
HPRegen  0.06/turn              (no ring)
MPRegen  0.09/turn              (no ring)

@: no status effects
A: no food or potions, fire vulnerability, cold resistance 1, negative energy
resistance 3, torment resistance, unbreathing
a: no special abilities


You were on level 3 of the Dungeon.
You were not hungry.

You visited 1 branch of the dungeon, and saw 3 of its levels.

You collected 49 gold pieces.

Inventory:

Hand Weapons
 d - a +1 dagger (weapon)
Missiles
 b - 92 stones (quivered)
Armour
 c - a +0 robe (worn)
Scrolls
 e - a scroll of immolation {!r, unknown}
 f - a scroll of identify {!r, unknown}


   Skills:
 - Level 1.5 Dodging
 - Level 1.5 Stealth
 + Level 2.9 Spellcasting
 - Level 0.7 Transmutations
 * Level 3.0 Earth Magic


You had 3 spell levels left.
You knew the following spells:

 Your Spells              Type           Power        Failure   Level  Hunger
a - Sandblast             Erth           ##....       6%          1    N/A
b - Passwall              Tmut/Erth      #.......     16%         2    N/A

Your spell library contained the following spells:

 Spells                   Type           Power        Failure   Level  Hunger
 Stone Arrow              Conj/Erth      #.....       34%         3    N/A
 Lee's Rapid Deconstruct  Erth           ##........   87%         5    N/A
 Petrify                  Tmut/Erth      #.......     69%         4    N/A

Dungeon Overview and Level Annotations

Branches:
Dungeon (3/15)

Altars:


Innate Abilities, Weirdness & Mutations

You do not eat or drink.
Your flesh is vulnerable to fire.
You are immune to poison.
Your flesh is cold resistant. (rC+)
You are immune to negative energy. (rN+++)
You are immune to unholy pain and torment.
You can survive without breathing.


Message History

The blast of sand hits the kobold.
b - 95 stones The kobold throws a stone.
The stone closely misses you.
Casting: Sandblast (safe; 6% risk of failure)
Confirm with . or Enter, or press ? or * to list all spells.
Aiming: Sandblast (safe; 6% risk of failure)
Press: ? - help, Shift-Dir - straight line, f/p - kobold
Aim: a kobold, wielding a dagger and wearing a leather armour The blast of sand hits the kobold.
b - 94 stones The kobold hits you with a dagger.
You barely miss the kobold. The kobold barely misses you.
You closely miss the kobold. The kobold barely misses you.
The orc shouts!
You hit the kobold but do no damage. The kobold closely misses you.
You closely miss the kobold. The kobold closely misses you.
You closely miss the kobold. The kobold hits you but does no damage.
The kobold throws a stone.
The stone hits you.
You see here a stone.
The kobold throws a stone.
The stone barely misses you.
You see here 3 stones.
Casting: Sandblast (safe; 6% risk of failure)
Confirm with . or Enter, or press ? or * to list all spells.
Aiming: Sandblast (safe; 6% risk of failure)
Press: ? - help, Shift-Dir - straight line, f/p - kobold
Aim: a kobold, wielding a dagger and wearing a leather armour The blast of sand misses the kobold.
b - 93 stones
Casting: Sandblast (safe; 6% risk of failure)
Confirm with . or Enter, or press ? or * to list all spells.
You don't have enough magic to cast that spell.
The kobold throws a stone.
The stone barely misses you.
You see here a stone.
Casting: Sandblast (safe; 6% risk of failure)
Confirm with . or Enter, or press ? or * to list all spells.
You don't have enough magic to cast that spell.
Casting: Sandblast (safe; 6% risk of failure)
Confirm with . or Enter, or press ? or * to list all spells.
Aiming: Sandblast (safe; 6% risk of failure)
Press: ? - help, Shift-Dir - straight line, f/p - kobold
Aim: a kobold, wielding a dagger and wearing a leather armour The blast of sand hits the kobold.
b - 92 stones The orc hits you with a club.
* * * LOW HITPOINT WARNING * * *
The kobold hits you with a dagger.
* * * LOW HITPOINT WARNING * * *
Casting: Sandblast (safe; 6% risk of failure)
Confirm with . or Enter, or press ? or * to list all spells.
You don't have enough magic to cast that spell.
Casting: Sandblast (safe; 6% risk of failure)
Confirm with . or Enter, or press ? or * to list all spells.
You don't have enough magic to cast that spell.
Casting: Sandblast (safe; 6% risk of failure)
Confirm with . or Enter, or press ? or * to list all spells.
You don't have enough magic to cast that spell.
Things that are here:
a short sword; a leather armour The kobold throws a stone.
The stone hits you.
* * * LOW HITPOINT WARNING * * *
You see here a stone.
Found a stone staircase leading down.
The orc hits you with a club.
You die...

..# #### ..# #.. ..# #.#
..#########.##
.#.#.#.#.#.#.##
..............#####.####
.#.#.#.#.#.#.#.o@.....>.
(............K.#########
.#.#.#.#.#)#.#.#
..............)#
.#.#.#.#.#.#<#.#
####...........#
#############


You could see an orc and a kobold.

Vanquished Creatures
  4 orcs (D:3)
  A goblin (D:2)
  2 kobolds (D:3)
  A bat (D:2)
8 creatures vanquished.

Notes
Turn   | Place    | Note
-------+----------+-------------------------------------------
     0 | D:1      | Amnesiac the Mummy Earth Elementalist began the quest for the Orb.
     0 | D:1      | Reached XP level 1. HP: 13/13 MP: 4/4
   387 | D:3      | Reached XP level 2. HP: 12/19 MP: 3/5
   394 | D:3      | Learned a level 2 spell: Passwall
   454 | D:3      | Reached skill level 3 in Earth Magic
   489 | D:3      | Slain by an orc

Vault maps used:
D:1:      dpeg_arrival_snail, minmay_misc_feat_alley, minmay_misc_feat_roman,
          minmay_misc_feat_tower, bh_walls_and_bars
D:2:      nicolae_overflow_crystal_walls, minmay_overflow_temple_star_hex
D:3:      lemuel_doored_altar, chequers_ecumenical_altar_island,
          gup_sewer_entry_spiral, st_stairs_12

Skill      XL: |  1  2 |
---------------+-------+-----
Earth Magic    | 3 |  3.0
Dodging        | |  1.5
Stealth        | |  1.5
Spellcasting   | |  2.9
Transmutations | |  0.7

Action                   || total
-------------------------++-------
Melee: Dagger            ||    19
 Cast: Sandblast         ||    16
  Use: Scroll            ||     1
Armor: Robe              ||    13
Dodge: Dodged            ||    44

Table legend:
 A = Spawn XP
 B = Non-spawn XP
 C = Spawn XP percentage of total XP
 D = Spawn monster count
 E = Non-spawn monster count
 F = Spawn count percentage of total count
 G = Total turns spent on level
                    A         B        C        D         E        F      G
               +---------+---------+-------+---------+---------+-------+---------
         Total |       0 |      19 |   0.0 |       0 |       8 |   0.0 |   489
               +---------+---------+-------+---------+---------+-------+---------
           D:2 |       0 |       3 |   0.0 |       0 |       2 |   0.0 |   244
           D:3 |       0 |      16 |   0.0 |       0 |       6 |   0.0 |   181
               +---------+---------+-------+---------+---------+-------+---------
